 Dungeon Crawl Stone Soup version 0.29.1-15-g9cfb28693d (webtiles) character file.

Game seed: 3649058832894547577

23564 CatalinOSBI the Severer (level 12, -4/113 HPs)
             Began as a Minotaur Berserker on Apr 6, 2023.
             Was an Elder of Trog.
             Slain by a ghost moth simulacrum (28 damage)
             ... on level 1 of the Spider Nest.
             The game lasted 01:14:03 (15703 turns).

CatalinOSBI the Severer (Minotaur Berserker)       Turns: 15703, Time: 01:14:04

Health: -4/113     AC: 21    Str: 38    XL:     12   Next: 72%
Magic:  21/21      EV: 11    Int:  7    God:    Trog [****..]
Gold:   652        SH:  6    Dex: 11    Spells: 11/11 levels left

rFire   . . .      SeeInvis .   o - +6 war axe (venom)
rCold   . . .      Faith    .   s - +1 buckler of Pride {Stlth+}
rNeg    . . .      Spirit   .   l - +0 scale mail of Busient {rPois Str+6 Int-2 Stlth+}
rPois   +          Reflect  .   E - +3 hat of Pondering {ponderous, Will+ MP+10 Int+5}
rElec   .          Harm     .   F - +0 cloak
rCorr   .          Rampage  .   w - +2 pair of gloves
Will    +....                   (no boots)
Stlth   ++........              H - amulet of regeneration
HPRegen 1.08/turn               e - +4 ring of protection
MPRegen 0.17/turn               z - +6 ring of strength

@: about to teleport, slow
A: horns 2, retaliatory headbutt
a: Renounce Religion, Berserk, Trog's Hand, Brothers in Arms


You were on level 1 of the Spider Nest.
You worshipped Trog.
Trog was greatly pleased with you.
You visited 3 branches of the dungeon, and saw 13 of its levels.

You collected 652 gold pieces.

Inventory:

Hand Weapons
 i - a +4 scythe of venom
 k - a +0 shortbow of freezing
 o - a +6 war axe of venom (weapon)
Missiles
 b - 31 poisoned darts (quivered)
 t - 2 throwing nets
Armour
 g - a +0 plate armour
 l - the +0 scale mail of Busient (worn) {rPois Str+6 Int-2 Stlth+}
   (You found it on level 7 of the Dungeon)

   Str:       It affects your strength (+6).
   Int:       It affects your intelligence (-2).
   rPois:     It protects you from poison.
   Stlth:     It makes you more stealthy.
 s - the +1 buckler of Pride (worn) {Stlth+}
   (You acquired it on level 8 of the Dungeon)

   Stlth:     It makes you more stealthy.
 u - the +0 leather armour of the Falcon {Dex+7}
   (You took it off a goblin on level 4 of the Dungeon)

   Dex:       It affects your dexterity (+7).
 w - a +2 pair of gloves (worn)
 y - +0 steam dragon scales
 E - the +3 hat of Pondering (worn) {ponderous, Will+ MP+10 Int+5}
   (You took it off Gastronok on level 8 of the Dungeon)

   Int:       It affects your intelligence (+5).
   MP:        It affects your magic capacity (+10).
   Will:      It increases your willpower.
 F - a +0 cloak (worn)
Jewellery
 a - a ring of see invisible
 e - a +4 ring of protection (left hand)
 m - a ring of ice
 r - a ring of poison resistance
 z - a +6 ring of strength (right hand)
 H - an amulet of regeneration (around neck)
 J - an amulet of the acrobat
 Q - a ring of ice
 R - a ring of magical power
 T - a ring of flight
Wands
 f - a wand of roots (15)
 q - a wand of light (6)
 v - a wand of flame (9)
 x - a wand of mindburst (6)
 A - a wand of polymorph (17)
Scrolls
 D - 4 scrolls of fear
 G - 2 scrolls of teleportation
 I - 3 scrolls of poison
 N - 2 scrolls of enchant armour
 P - a scroll of brand weapon
 S - a scroll of magic mapping {unknown}
Potions
 c - 2 potions of resistance
 d - 8 potions of curing
 h - 2 potions of haste
 j - 4 potions of attraction
 n - 3 potions of heal wounds
 B - 2 potions of lignification
 C - a potion of berserk rage
 K - a potion of magic
 M - a potion of flight {unknown}
 O - a potion of ambrosia {unknown}


   Skills:
 + Level 12.7 Fighting
 - Level 16.0 Axes
 + Level 12.4 Armour
 - Level 2.6 Dodging
 - Level 1.9 Stealth
 + Level 5.3 Shields
 * Level 6.9 Evocations


You had 11 spell levels left.
You didn't know any spells.
Your spell library was empty.

Dungeon Overview and Level Annotations

Branches:
Dungeon (10/15)            Temple (0/1) D:6            Lair (2/5) D:10
 Spider (1/4) Lair:2
  Swamp: Lair:2-3    Shoals: Lair:2-3       Orc: D:9-12

Altars:
Ashenzari
Cheibriados
Elyvilon
Fedhas
Gozag
Hepliaklqana
Makhleb
Okawaru
Qazlal
Ru
Uskayaw
Wu Jian
Yredelemnul

Shops:
D:1 (   D:4 *   D:8 **

Annotations:
D:5 2 transporters, engelados's ghost, amateur DECj


Innate Abilities, Weirdness & Mutations

You have a pair of horns on your head.
You reflexively headbutt those who attack you in melee.


Message History

The bolt of light misses Voland's ghost.
Voland's ghost is no longer blind.
You slice the battlesphere!!
You destroy the battlesphere!
Voland's ghost points at you and mumbles some strange words.
The ball explodes into a vile cloud!
The stinking cloud engulfs you but does no damage.
The stinking cloud engulfs Voland's ghost but does no damage.
Voland's ghost hits you but does no damage.
You catch the helpless Voland's ghost completely off-guard!
You slice Voland's ghost!!
You destroy Voland's ghost!
Trog accepts your kill.
Trog appreciates your killing of a magic user.
You flicker for a moment.
You start resting.
You flicker back into view.
You start resting.
HP restored.
You see here a +0 leather armour of fire resistance.
You hit the ghost moth simulacrum.
The ghost moth simulacrum is lightly damaged.
The ghost moth simulacrum hits you. The ghost moth simulacrum freezes you!!
The ghost moth simulacrum hits you but does no damage.
The ghost moth simulacrum hits you. The ghost moth simulacrum freezes you!!
Aiming: Polymorph
Press: ? - help, Q - select action, (/) - cycle Shift-Dir - straight line
Okay, then.
You feel much better. The ghost moth simulacrum hits you!
The ghost moth simulacrum freezes you!!
* * * LOW HITPOINT WARNING * * *
The ghost moth simulacrum hits you but does no damage.
The ghost moth simulacrum closely misses you.
You can't see any enemies this would affect, really read the scroll of fear?
Okay, then.
As you read the scroll of teleportation, it crumbles to dust.
You feel strangely unstable. The ghost moth simulacrum hits you.
* * * LOW HITPOINT WARNING * * *
The ghost moth simulacrum freezes you!!
You die...

#...# ####..># ##
#....^#### ##.
#.#.#.##.####^.
######.##..#...###.
#......#.#..#^..#.. .^
###......##..#..###.
#.###.....#.####.[..#...
...#.#.@..### #.#...#...
......#Z### ##..#....#
...#....#.# ##.....##
.......(..# #....#...
####.#...## ##..####.
.#....#..### #.## #[.
.....#.....### ### ##.
#...#....#..# ##
##.#.#..Z#.## ###


You could see a ghost moth simulacrum.

Vanquished Creatures
  Gastronok (D:8)
  The ghost of Voland the Devastator, a journeyman TeAE of Sif Muna (Spider:1)
  An entropy weaver (Spider:1)
  A radroach (Spider:1)
  A two-headed ogre (D:10)
  Erica (D:8)
  2 pharaoh ants (Spider:1)
  A spectral spark wasp (Spider:1)
  2 spectral ghost moths (Spider:1)
  An orb spider (Spider:1)
  A spectral broodmother (Spider:1)
  An elephant (D:10)
  Maurice (D:8)
  A black mamba (Lair:2)
  A gargoyle (D:10)
  A cane toad (Lair:2)
  2 rime drakes
  A meliai (Lair:2)
  A queen bee (D:10)
  2 trolls (D:10)
  A tarantella (Spider:1)
  A jorogumo simulacrum (Spider:1)
  2 broodmother simulacra (Spider:1)
  Sigmund (D:3)
  2 jumping spiders (Spider:1)
  2 vampires (D:10)
  2 culicivoras (Spider:1)
  19 yaks
  A wyvern (D:9)
  2 wraiths (D:9)
  11 redbacks (Spider:1)
  4 basilisks
  2 steam dragons (D:7)
  Edmund (D:5)
  2 acid dragons
  2 water moccasins
  2 orc warriors
  2 ogres (D:7)
  A black bear (D:6)
  A radroach simulacrum (Spider:1)
  7 centaurs
  A phantom (D:6)
  4 kobold brigands
  Blork the orc (D:5)
  2 scorpions (D:7)
  5 bullfrogs
  8 wights
  36 killer bees
  3 howler monkeys
  An electric eel (D:7)
  5 jellies
  3 hounds
  The ghost of Zippel the Sneak, a weakling SpEn of Dithmenos (D:4)
  3 orc priests
  2 iguanas
  3 orc wizards
  5 hell rats (Lair:2)
  13 gnolls
  2 adders
  2 white imps
  An ufetubus (D:5)
  A worm (D:5)
  3 dart slugs (D:1)
  33 orcs
  6 endoplasms
  2 giant cockroaches
  6 goblins
  3 hobgoblins
  23 kobolds
  7 quokkas
  7 ball pythons
  7 bats
  2 frilled lizards (D:1)
  7 rats
  A spectral orc (D:7)
  2 bushes (Lair:2)
303 creatures vanquished.

Vanquished Creatures (others)
  3 kobolds (D:7)
  5 fungi
  9 plants
17 creatures vanquished.

Grand Total: 320 creatures vanquished

Notes
Turn   | Place    | Note
-------+----------+-------------------------------------------
     0 | D:1      | CatalinOSBI the Minotaur Berserker began the quest for the
                  | Orb.
     0 | D:1      | Reached XP level 1. HP: 19/19 MP: 0/0
    49 | D:1      | Found a faded altar of an unknown god.
   315 | D:1      | Reached XP level 2. HP: 20/27 MP: 1/1
   630 | D:1      | Found Xuvoydac's Weapon Emporium.
   638 | D:1      | Reached skill level 4 in Axes
   655 | D:1      | Reached ** piety under Trog
   967 | D:1      | Reached XP level 3. HP: 33/33 MP: 2/2
  1472 | D:2      | Reached XP level 4. HP: 26/41 MP: 3/3
  1644 | D:2      | Found a white marble altar of Elyvilon.
  2202 | D:3      | Noticed Sigmund
  2224 | D:3      | Killed Sigmund
  2225 | D:3      | Reached skill level 5 in Fighting
  2225 | D:3      | Reached skill level 6 in Axes
  2225 | D:3      | Reached XP level 5. HP: 48/48 MP: 4/4
  2315 | D:4      | Found a burning altar of Makhleb.
  2317 | D:4      | Reached XP level 6. HP: 56/56 MP: 5/5
  2617 | D:4      | You fall into a shaft and drop 2 floors!
  2693 | D:6      | Noticed a water moccasin
  2699 | D:6      | Killed a water moccasin
  2935 | D:6      | Reached skill level 7 in Axes
  2935 | D:6      | Reached skill level 5 in Armour
  2935 | D:6      | Reached XP level 7. HP: 51/61 MP: 6/6
  3127 | D:6      | Reached skill level 8 in Axes
  4064 | D:6      | Found a staircase to the Ecumenical Temple.
  4387 | D:5      | Entered Level 5 of the Dungeon
  4629 | D:5      | Noticed Blork the orc
  4633 | D:5      | Reached XP level 8. HP: 60/71 MP: 7/7
  4635 | D:5      | Noticed Edmund
  4641 | D:5      | Killed Blork the orc
  4648 | D:5      | Killed Edmund
  4649 | D:5      | Reached skill level 9 in Axes
  4827 | D:5      | Found a transporter.
  4940 | D:5      | Noticed engelados's ghost (amateur DECj)
  4961 | D:5      | Found a transporter.
  5069 | D:5      | Reached *** piety under Trog
  5929 | D:4      | Identified the +0 leather armour of the Falcon {Dex+7}
  5979 | D:4      | Found a large runed translucent door.
  5979 | D:4      | Found a large runed translucent door.
  5980 | D:4      | Noticed Zippel's ghost (weakling SpEn)
  5985 | D:4      | Killed Zippel's ghost
  6086 | D:4      | Found an ornate altar of the Wu Jian Council.
  6087 | D:4      | Found Weotiov's Assorted Antiques.
  6219 | D:4      | Found an opulent altar of Gozag.
  6489 | D:7      | Reached skill level 10 in Axes
  6504 | D:7      | Identified the +0 scale mail of Busient {rPois Str+6 Int-2
                  | Stlth+}
  6593 | D:7      | Reached XP level 9. HP: 72/81 MP: 8/8
  6778 | D:7      | Reached **** piety under Trog
  6792 | D:7      | Reached skill level 11 in Axes
  6944 | D:7      | Found a sacrificial altar of Ru.
  6990 | D:7      | Found a blossoming altar of Fedhas.
  7217 | D:7      | Found a basalt altar of Yredelemnul.
  7559 | D:7      | Found Falla's Antique Armour Shoppe.
  7677 | D:8      | Noticed Gastronok
  7713 | D:8      | Killed Gastronok
  7714 | D:8      | Reached skill level 12 in Axes
  7714 | D:8      | Reached XP level 10. HP: 72/91 MP: 9/9
  7796 | D:8      | Noticed Maurice
  7813 | D:8      | Killed Maurice
  7861 | D:8      | Found a broken altar of Ashenzari.
  8065 | D:8      | Noticed Erica
  8082 | D:8      | Killed Erica
  8083 | D:8      | Reached skill level 13 in Axes
  8425 | D:8      | Found Tekem's General Store.
  8429 | D:8      | Found Vetayros's Specific Store.
  8601 | D:8      | Found a white marble altar of Elyvilon.
  8602 | D:8      | Found a snail-covered altar of Cheibriados.
  8623 | D:8      | Reached skill level 10 in Fighting
  8793 | D:8      | Found a stormy altar of Qazlal.
  8800 | D:8      | Found a hide-covered altar of Uskayaw.
  9471 | D:8      | Identified a scroll of acquirement
  9471 | D:8      | Acquired the +1 buckler of Pride {Stlth+}
  9983 | D:9      | Reached skill level 1 in Stealth
 10322 | D:9      | Found a hazy altar of Hepliaklqana.
 10824 | D:9      | Reached skill level 10 in Armour
 10955 | D:10     | Entered Level 10 of the Dungeon
 10996 | D:10     | Reached XP level 11. HP: 85/101 MP: 10/10
 11301 | D:10     | Reached skill level 14 in Axes
 11374 | D:10     | Noticed a two-headed ogre
 11394 | D:10     | Killed a two-headed ogre
 11440 | D:10     | Found a staircase to the Lair.
 12010 | D:10     | Found an iron altar of Okawaru.
 12290 | Lair:1   | Entered Level 1 of the Lair of Beasts
 12362 | D:10     | Reached skill level 5 in Evocations
 12417 | Lair:1   | Reached skill level 15 in Axes
 14475 | Lair:2   | Found a hole to the Spider Nest.
 14497 | Spider:1 | Entered Level 1 of the Spider Nest
 14500 | Spider:1 | Noticed a pharaoh ant
 14526 | Spider:1 | Killed a pharaoh ant
 14527 | Spider:1 | Reached skill level 1 in Shields
 14527 | Spider:1 | Reached XP level 12. HP: 108/110 MP: 11/11
 14673 | Spider:1 | Noticed an entropy weaver
 14698 | Spider:1 | Killed an entropy weaver
 14703 | Spider:1 | Reached skill level 16 in Axes
 14941 | Spider:1 | Noticed a radroach
 14951 | Spider:1 | Killed a radroach
 15199 | Spider:1 | Found a runed translucent gate.
 15199 | Spider:1 | Found a runed translucent gate.
 15199 | Spider:1 | Found a runed translucent gate.
 15200 | Spider:1 | Noticed Voland's ghost (journeyman TeAE)
 15314 | Spider:1 | Reached skill level 5 in Shields
 15655 | Spider:1 | Killed Voland's ghost
 15703 | Spider:1 | Slain by a ghost moth simulacrum

Illustrated notes

Levels and vault maps discovered:
D:1:      tarquinn_simple_flora_water_b, layout_basic,
          ebering_ecumenical_altar_sacrificial, serial_shops,
          nicolae_shop_bloodbath_and_beyond
D:2:      layout_rooms, basic_altar, grunt_decor_junction,
          palyth_stone_intersect
D:3:      layout_loops_corners, serial_shops, nicolae_shop_statue_plus,
          uniq_crazy_yiuf_cottage, uniq_sigmund
D:4:      layout_basic, lemuel_round_altar, mainiacjoe_overflow_alcove_1,
          makhleb_blood_cavern_becter, serial_shops, nicolae_shop_stone,
          lightli_ossuary_entry_decrepit_ruins, ebering_ghost_disaster_area
D:5:      layout_loops_corners, gammafunk_ghost_arena, minmay_misc_feat_square,
          uniq_blork_the_orc, uniq_edmund
D:6:      layout_basic, minmay_temple_entry_from_below_a
D:7:      cheibrodos_helix_gallery, layout_rooms, lemuel_doored_altar,
          mainiacjoe_overflow_alcove_2, yredelemnul_forgotten_temple_becter,
          serial_shops, shop
D:8:      layout_basic, nicolae_ashenzari_skybound,
          chequers_temple_overflow_statue_of_worship, nicolae_specific_store,
          uniq_erica, uniq_gastronok, uniq_maurice
D:9:      layout_roguey, nicolae_hepliaklqana_hippocampus, serial_curves,
          eino_curves_03, eino_curves_03, eino_curves_03, eino_curves_04,
          hex_tiny, nicolae_concentric_dashed_squares_mild
D:10:     layout_long_grid, mainiacjoe_overflow_cross_hatched,
          david_lair_generic, nicolae_looking_at_the_future
Lair:1:   layout_regular_city, serial_bayou_shore_b
Lair:2:   layout_roguey, hellmonk_spider_entry_not_the_bees,
          chequers_serial_rivers_micro_a, serial_bayou_shore_b,
          infiniplex_staircase_pool_2
Spider:1: layout_spider_delve, gammafunk_ghost_necromancy, uniq_aizul

Skill      XL: |  1  2  3  4  5  6  7  8  9 10 11 12 |
---------------+-------------------------------------+-----
Fighting       | 4 5 6 7 9 10 11 12 | 12.7
Axes           | 4 6 7 8 10 12 13 15 16 | 16.0
Armour         | 3 4 5 6 7 8 10 11 12 | 12.4
Evocations     | 2 4 5 6 |  6.9
Stealth        | 1 |  1.9
Shields        | 1 5 |  5.3
Dodging        | |  2.6

Action                   |  1- 3 |  4- 6 |  7- 9 | 10-12 || total
-------------------------+-------+-------+-------+-------++-------
Melee: Hand axe          |    76 |    36 |       |       ||   112
       Headbutt          |     9 |     3 |    33 |   111 ||   156
       Halberd           |       |    30 |    11 |       ||    41
       War axe           |       |       |   199 |   448 ||   647
       Punch             |       |       |     1 |       ||     1
Throw: Dart              |       |       |       |     7 ||     7
Invok: Berserk           |       |     3 |     8 |     7 ||    18
       Trog's Hand       |       |       |     3 |     7 ||    10
Evoke: Wand              |       |       |     6 |     7 ||    13
  Use: Scroll            |     3 |     2 |       |    20 ||    25
       Potion            |       |     2 |       |     6 ||     8
 Stab: Invisible         |       |       |       |     2 ||     2
Armor: Animal skin       |     9 |       |       |       ||     9
       Plate armour      |    26 |    54 |   141 |   162 ||   383
       Skin              |       |       |    12 |       ||    12
       Scale mail        |       |       |       |    71 ||    71
Dodge: Dodged            |    39 |    34 |    64 |   160 ||   297
Block: Buckler           |       |       |       |    55 ||    55
